 Dungeon Crawl Stone Soup version 0.28-a0-906-g0406aca7d3 (webtiles) character file.

Game seed: 41304370848926472

138425 frimble the Grappler (level 16, -5/159 (165) HPs)
             Began as a Troll Warper on Nov 24, 2021.
             Was the Champion of Cheibriados.
             Killed from afar by a deep elf sorcerer (46 damage)
             ... with a bolt of acid
             ... on level 3 of the Elven Halls.
             The game lasted 00:53:19 (26815 turns).

frimble the Grappler (Troll Warper)                Turns: 26815, Time: 00:53:20

HP:   -5/159 (165)  AC: 12    Str: 38    XL:     16   Next: 71%
MP:   23/23         EV: 15    Int: 29    God:    Cheibriados [******]
Gold: 166           SH: 12    Dex: 24    Spells: 15/17 levels left

rFire   + + .      SeeInvis .     - Unarmed
rCold   + . .      Faith    .   O - +0 kite shield
rNeg    . . .      Spirit   .   v - +4 troll leather armour
rPois   .          Reflect  .   G - +0 hat
rElec   .          Harm     .   k - +1 cloak {rF+}
rCorr   .          Rampage  .   (gloves unavailable)
Will    +++..                   (boots unavailable)
Stlth   ++........              (no amulet)
HPRegen 2.36/turn               Q - ring "Bier" {Contam rF+ rC+ Will+}
MPRegen 0.18/turn               D - ring of willpower

@: about to teleport, lightly drained, very slow
A: large, unfitting armour, claws 3, regeneration 1, shaggy fur 1, tough skin 1
a: Renounce Religion, Bend Time, Temporal Distortion, Slouch, Step From Time


You were on level 3 of the Elven Halls.
You worshipped Cheibriados.
Cheibriados was exalted by your worship.
You visited 5 branches of the dungeon, and saw 27 of its levels.
You visited 1 bazaar.
You also visited: Ice Cave and Volcano.

You collected 2525 gold pieces.
You spent 2359 gold pieces at shops.

Inventory:

Missiles
 c - 10 boomerangs of dispersal
 p - 22 large rocks (quivered)
 r - 2 silver javelins
 R - 21 boomerangs
 S - 2 silver boomerangs
Armour
 k - a +1 cloak of fire resistance (worn)
 v - a +4 troll leather armour (worn)
 G - a +0 hat (worn)
 I - a scarf of resistance
 O - a +0 kite shield (worn)
 T - a +0 tower shield
Jewellery
 b - a ring of protection from fire
 f - a ring of resist corrosion
 n - a ring of flight
 C - a ring of positive energy
 D - a ring of willpower (right claw)
 E - the ring "Alotize" {Fire Will+ Str-2 Int+7}
   (You found it on level 1 of the Lair of Beasts)

   [ring of fire]

   It enhances your fire magic.
   Str:       It affects your strength (-2).
   Int:       It affects your intelligence (+7).
   rF:        It protects you from fire.
   rC:        It makes you vulnerable to cold.
   Will:      It increases your willpower.
 K - the ring "Vilehe" {rC+ Slay+2 SInv}
   (You found it in an ice cave)

   [ring of see invisible]

   Slay:      It affects your accuracy & damage with ranged weapons and melee
   (+2).
   rC:        It protects you from cold.
   SInv:      It lets you see invisible.
 P - the ring "Ocrulog" {MP+9 Int+4 Slay+5}
   (You bought it in a shop in a bazaar)

   [ring of magical power]

   Int:       It affects your intelligence (+4).
   Slay:      It affects your accuracy & damage with ranged weapons and melee
   (+5).
   MP:        It affects your magic capacity (+9).
 Q - the ring "Bier" (left claw) {Contam rF+ rC+ Will+}
   (You bought it in a shop in a bazaar)

   [ring of protection from cold]

   rF:        It protects you from fire.
   rC:        It protects you from cold.
   Contam:    It causes magical contamination when unequipped.
   Will:      It increases your willpower.
 U - a ring of protection from cold
 W - an amulet of regeneration
 Y - a ring of protection from cold
Wands
 u - a wand of flame (113)
 A - a wand of charming (7)
 F - a wand of iceblast (8)
 H - a wand of paralysis (9)
 N - a wand of digging (3)
Scrolls
 l - 6 scrolls of fog
 m - 13 scrolls of amnesia
 q - 4 scrolls of enchant weapon
 s - 2 scrolls of magic mapping
 y - a scroll of silence
 z - 6 scrolls of identify
 B - 3 scrolls of teleportation
 J - a scroll of brand weapon
 M - 2 scrolls of immolation
 V - 2 scrolls of enchant armour
 X - a scroll of summoning
Potions
 a - 3 potions of might
 d - 4 potions of invisibility
 e - 8 potions of mutation
 g - 2 potions of heal wounds
 h - 6 potions of flight
 i - 4 potions of cancellation
 j - 12 potions of curing
 o - 4 potions of haste
 t - 2 potions of resistance
 x - 4 potions of ambrosia
 L - 2 potions of brilliance
Miscellaneous
 w - a tin of tremorstones (1/2)


   Skills:
 + Level 11.7 Fighting
 - Level 7.6 Throwing
 - Level 3.0 Armour
 - Level 7.1 Dodging
 + Level 9.1 Shields
 + Level 13.0 Unarmed Combat
 - Level 1.2 Spellcasting
 - Level 7.0 Translocations
 + Level 10.9 Invocations
 - Level 10.0 Evocations


You had 15 spell levels left.
You knew the following spells:

 Your Spells              Type           Power      Damage    Failure   Level
a - Blink                 Tloc           84%        N/A       1%          2

Your spell library contained the following spells:

 Spells                   Type           Power      Damage    Failure   Level
 Gell's Gravitas          Tloc           42%        N/A       1%          3
 Lesser Beckoning         Tloc           42%        N/A       1%          3
 Teleport Other           Tloc           42%        N/A       1%          3
 Magic Dart               Conj           4%         1d3       10%         1
 Shock                    Conj/Air       4%         1d3       10%         1
 Slow                     Hex            4%         N/A       10%         1
 Sting                    Tmut/Pois      4%         1d3       10%         1
 Summon Small Mammal      Summ           4%         N/A       10%         1
 Ensorcelled Hibernation  Hex/Ice        2%         N/A       16%         2
 Passwall                 Tmut/Erth      0%         N/A       16%         2
 Searing Ray              Conj           2%         2d4       16%         2
 Manifold Assault         Tloc           42%        N/A       16%         5
 Call Canine Familiar     Summ           1%         N/A       30%         3
 Dazzling Flash           Conj/Hex       2%         N/A       30%         3
 Spider Form              Tmut/Pois      1%         N/A       30%         3
 Summon Guardian Golem    Hex/Summ       1%         N/A       30%         3
 Swiftness                Air            1%         N/A       30%         3
 Airstrike                Air            0%         N/A       69%         4
 Fulminant Prism          Conj/Hex       0%         3d6       69%         4
 Hailstorm                Conj/Ice       1%         3d3       69%         4
 Ice Form                 Ice/Tmut       1%         N/A       69%         4
 Agony                    Necr           1%         N/A       95%         5
 Metabolic Englaciation   Hex/Ice        0%         N/A       95%         5
 Silence                  Hex/Air        0%         N/A       95%         5
 Simulacrum               Ice/Necr       0%         N/A       100%        6
 Borgnjor's Revivificati  Necr           0%         N/A       100%        8


Dungeon Overview and Level Annotations

Branches:
Dungeon (15/15)            Temple (1/1) D:5            Lair (6/6) D:11
  Swamp (0/4) Lair:2       Spider (0/4) Lair:2        Slime (0/5) Lair:6
    Orc (2/2) D:9             Elf (3/3) Orc:2        Vaults (0/5) D:13
 Depths (0/4) D:15          IceCv (visited)         Volcano (visited)

Altars:
Ashenzari
Cheibriados
Elyvilon
Fedhas
Gozag
Hepliaklqana
Kikubaaqudgha
Nemelex Xobeh
Okawaru
Qazlal
Sif Muna
Trog
Uskayaw
Wu Jian
Xom
Yredelemnul
Zin
The Shining One
Jiyva

Shops:
D:12 *   Orc:1 **   Orc:2 (![?(*:   Elf:1 *

Annotations:
D:11 1 exclusion
Lair:6 1 exclusion
Elf:2 3 runed translucent doors


Innate Abilities, Weirdness & Mutations

You are too large for most types of armour.
You have claws for hands.
Your natural rate of healing is unusually fast.
You are covered in fur. (AC +1)
You have tough skin. (AC +1)


Message History

The earth elemental disappears in a puff of smoke! x6
A deep elf annihilator comes into view. It is wielding a +0 rapier.
The deep elf high priest shoots an arrow.
You block the arrow.
Your Unarmed Combat skill increases to level 13!
As you read the scroll of teleportation, it crumbles to dust.
You feel strangely unstable. The +4 mace of draining hits you.
You feel drained.
The deep elf high priest shoots an arrow.
The arrow hits you!
* * * LOW HITPOINT WARNING * * *
The +4 mace of draining hits you.
* * * LOW HITPOINT WARNING * * *
You feel drained.
* * * LOW HITPOINT WARNING * * *
The deep elf high priest shoots an arrow.
The arrow barely misses you.
The deep elf annihilator mumbles some strange words.
The deep elf annihilator blinks!
You block the +4 mace of draining's attack.
The deep elf high priest utters a dark prayer and points at you.
Your life force is offered up.
* * * LOW HITPOINT WARNING * * *
You block the +4 mace of draining's attack.
Your surroundings suddenly seem different.
A deep elf demonologist, a deep elf annihilator, a deep elf sorcerer and a deep elf death mage come into view.
Found 12 gold pieces.
The deep elf death mage points at you and mumbles some strange words.
The bolt of negative energy misses you.
As you read the scroll of teleportation, it crumbles to dust.
You feel strangely unstable.
A deep elf annihilator comes into view. It is wielding a +0 rapier.
The deep elf annihilator casts a spell.
The deep elf annihilator blinks!
A +0 scimitar of electrocution comes into view.
A deep elf sorcerer comes into view. It is wielding a +0 rapier.
A deep elf death mage comes into view. It is wielding a +0 short sword.
The deep elf sorcerer casts a spell at you.
The bolt of acid hits you!!!
You die...

### .# #.#
#.# ##e#
##...##
##.....##
##.......##
#......e..##
e....e.@...#
(....#..e...#
..e ##.....e#
. ##.......
.......
.......
$......
...e#..


You could see 3 deep elf annihilators, 2 deep elf death magi, 2 deep elf
sorcerers, a deep elf demonologist and a +0 scimitar of electrocution
(wandering).

Vanquished Creatures
  Aizul (Elf:2)
  An orc warlord (Orc:2)
  A deep elf elementalist (Elf:3)
  Louise (D:14)
  A reaper (IceCv)
  2 deep elf demonologists
  A deep elf death mage (Elf:3)
  An ettin (D:15)
  11 hydras
  7 vault guards (D:13)
  2 boulder beetles
  A catoblepas (Lair:4)
  2 ogre magi
  2 death knights
  7 two-headed ogres
  4 centaur warriors
  12 dancing weapons
  3 death yaks (Lair:3)
  2 tengu warriors
  8 orc high priests
  A sun demon (Volcano)
  7 deep elf knights
  A fire crab (Lair:6)
  A fire crab (shapeshifter) (D:13)
  A skeletal warrior (D:15)
  2 deep trolls (D:15)
  2 bog bodies (Lair:3)
  10 deep elf archers
  3 wizards
  A phantasmal warrior (D:15)
  4 orc knights (Orc:2)
  A harpy (shapeshifter) (D:13)
  Pikel (D:6)
  13 deep elf pyromancers
  6 ugly things
  A manticore (shapeshifter) (D:15)
  6 cyclopes
  17 deep elf zephyrmancers
  A wolf spider (D:15)
  3 manticores
  An orc sorcerer (Volcano)
  16 elephants
  5 black mambas
  2 molten gargoyles (Volcano)
  An ice statue (IceCv)
  13 cane toads
  Maggie (Lair:2)
  An efreet (D:14)
  3 unseen horrors
  8 rime drakes
  11 komodo dragons
  2 freezing wraiths (D:15)
  3 ice devils
  3 tengu conjurers
  2 red devils (Volcano)
  An anaconda simulacrum (IceCv)
  2 entropy weaver simulacra (IceCv)
  3 jumping spiders (Lair:2)
  5 polar bears
  A queen bee (shapeshifter) (D:14)
  Prince Ribbit (Lair:1)
  2 hornets
  Grinder (D:3)
  8 trolls
  9 blink frogs
  14 slime creatures
  A spectral elephant (Lair:6)
  7 dream sheep (Lair:5)
  An air elemental (Elf:1)
  2 shadows
  32 yaks
  2 water elementals (D:15)
  8 redbacks (Lair:2)
  3 wraiths
  A dire elephant simulacrum (IceCv)
  2 fire elementals (Elf:1)
  5 wyverns
  10 basilisks
  4 humans (D:10)
  A steam dragon (D:8)
  5 vampire mosquitoes
  3 death yak simulacra (IceCv)
  8 wargs
  2 acid dragons
  2 harpy simulacra (IceCv)
  11 water moccasins
  42 orc warriors
  4 ice beasts
  2 sky beasts
  A black bear (D:5)
  A necrophage (D:5)
  7 wolves
  10 ogres
  An elephant skeleton (Lair:6)
  16 centaurs
  2 lemures (D:6)
  5 kobold brigands
  A wyvern zombie (D:8)
  8 bullfrogs
  4 earth elementals
  5 gnoll sergeants
  A cane toad simulacrum (IceCv)
  2 scorpions
  4 two-headed ogre simulacra (IceCv)
  3 elephant simulacra (IceCv)
  4 killer bees (D:5)
  5 wights (D:10)
  An electric eel (D:10)
  6 howler monkeys
  A lava snake (Volcano)
  2 centaur zombies
  2 bullfrog zombies
  A hound (D:5)
  Crazy Yiuf (D:3)
  30 orc priests
  3 iguanas
  14 orc wizards
  Natasha (thrice) (D:2)
  3 polar bear simulacra (IceCv)
  9 troll simulacra (IceCv)
  5 spriggan simulacra (IceCv)
  3 gnolls
  5 naga simulacra (IceCv)
  8 adders
  A howler monkey skeleton (D:5)
  10 white imps
  7 ufetubi
  4 worms
  4 dart slugs
  67 orcs
  2 ball pythons
  2 endoplasms
  A giant cockroach (D:1)
  9 goblins
  8 hobgoblins
  2 jackals (D:3)
  15 kobolds
  7 quokkas
  7 bats
  4 frilled lizards
  4 rats
760 creatures vanquished.

Vanquished Creatures (collateral kills)
  A vault guard (D:12)
  Fannar (D:11)
  A water moccasin (D:6)
  A gnoll (D:11)
  An orc (D:6)
5 creatures vanquished.

Vanquished Creatures (others)
  A deep elf zephyrmancer (Elf:3)
  A wraith (D:12)
  A vampire mosquito (D:12)
  A gnoll (D:11)
  28 fungi
  25 plants
  8 withered plants (Lair:6)
65 creatures vanquished.

Grand Total: 830 creatures vanquished

Notes
Turn   | Place    | Note
-------+----------+-------------------------------------------
     0 | D:1      | frimble the Troll Warper began the quest for the Orb.
     0 | D:1      | Reached XP level 1. HP: 19/19 MP: 1/1
    32 | D:1      | Reached skill level 1 in Throwing
    86 | D:1      | Reached XP level 2. HP: 28/28 MP: 2/2
   158 | D:1      | Learned a level 2 spell: Blink
   401 | D:1      | Found a faded altar of an unknown god.
   513 | D:2      | Reached XP level 3. HP: 35/35 MP: 3/3
   722 | D:2      | Noticed Natasha
   728 | D:2      | Killed Natasha
   729 | D:2      | Reached XP level 4. HP: 25/42 MP: 4/4
   753 | D:2      | Noticed Natasha
   758 | D:2      | Killed Natasha
   961 | D:2      | Noticed Natasha
   974 | D:2      | Killed Natasha
   975 | D:2      | Reached skill level 3 in Unarmed Combat
  1024 | D:2      | Reached XP level 5. HP: 47/50 MP: 5/5
  1527 | D:3      | Noticed Grinder
  1793 | D:3      | Killed Grinder
  1794 | D:3      | Reached XP level 6. HP: 61/61 MP: 6/6
  1920 | D:3      | Found a runed translucent door.
  1921 | D:3      | Noticed Crazy Yiuf
  2299 | D:3      | Killed Crazy Yiuf
  2379 | D:4      | Found a hazy altar of Hepliaklqana.
  2381 | D:4      | Found a hide-covered altar of Uskayaw.
  2385 | D:4      | Found a broken altar of Ashenzari.
  2618 | D:4      | Reached skill level 4 in Unarmed Combat
  2679 | D:4      | You fall into a shaft and drop 2 floors!
  2679 | D:6      | Noticed an ice beast
  2684 | D:6      | Killed an ice beast
  2684 | D:6      | Noticed a water moccasin
  2685 | D:6      | Reached XP level 7. HP: 46/67 MP: 7/7
  2884 | D:6      | Found a shimmering altar of Xom.
  2911 | D:6      | Noticed Pikel
  2942 | D:6      | Killed Pikel
  2943 | D:6      | Reached skill level 5 in Unarmed Combat
  2943 | D:6      | Reached XP level 8. HP: 78/78 MP: 8/8
  3303 | D:6      | Found a shimmering altar of Xom.
  3310 | D:6      | Found a shimmering altar of Xom.
  3311 | D:6      | Found a shimmering altar of Xom.
  3314 | D:6      | Found a shimmering altar of Xom.
  3317 | D:6      | Found a shimmering altar of Xom.
  3564 | D:5      | Entered Level 5 of the Dungeon
  3600 | D:5      | Found a staircase to the Ecumenical Temple.
  3632 | D:5      | Got the Handbook of Ensnaring Black Arts
  4057 | D:4      | HP: 2/79 [orc warrior (17)]
  4071 | D:4      | Reached skill level 5 in Throwing
  4071 | D:4      | Reached XP level 9. HP: 20/87 MP: 7/9
  4771 | D:5      | Reached skill level 5 in Fighting
  4771 | D:5      | Reached skill level 6 in Unarmed Combat
  4781 | D:5      | Reached skill level 1 in Evocations
  6285 | D:8      | Reached skill level 7 in Unarmed Combat
  6305 | D:8      | Found an ancient bone altar of Kikubaaqudgha.
  6467 | D:8      | Noticed a cyclops
  6489 | D:8      | Killed a cyclops
  6490 | D:8      | Reached XP level 10. HP: 47/98 MP: 10/10
  7086 | D:8      | Found a shimmering blue altar of Sif Muna.
  7127 | D:8      | Got Sif Muna's Papyrus of Mutagenic Poisoning
  7636 | D:9      | Reached skill level 8 in Unarmed Combat
  7824 | D:9      | Found a staircase to the Orcish Mines.
  8304 | D:9      | Reached XP level 11. HP: 46/109 MP: 11/11
  8473 | D:10     | Entered Level 10 of the Dungeon
  8764 | D:10     | Found a white marble altar of Elyvilon.
  8769 | D:10     | Found a stormy altar of Qazlal.
  8772 | D:10     | Found a glowing golden altar of the Shining One.
  8838 | D:10     | Reached skill level 9 in Unarmed Combat
  8986 | D:10     | You fall into a shaft and drop 1 floor!
  9147 | D:10     | Identified the +1 robe "Qefuowni" {rPois}
  9531 | D:11     | Noticed Fannar
  9558 | D:11     | Killed Fannar
  9559 | D:11     | Reached skill level 5 in Evocations
  9714 | D:11     | Found a staircase to the Lair.
  9863 | D:11     | Noticed an eight-headed hydra
 10323 | Temple   | Entered the Ecumenical Temple
 10386 | Temple   | Became a worshipper of Cheibriados the Contemplative
 10520 | Lair:1   | Entered Level 1 of the Lair of Beasts
 10521 | Lair:1   | Noticed Prince Ribbit
 10552 | Lair:1   | Killed Prince Ribbit
 10585 | Lair:1   | Reached skill level 10 in Unarmed Combat
 10810 | D:12     | Reached * piety under Cheibriados
 10864 | D:12     | Reached skill level 1 in Invocations
 11034 | D:12     | Noticed a centaur warrior
 11036 | D:12     | Killed a centaur warrior
 11136 | D:12     | Reached XP level 12. HP: 18/122 MP: 8/12
 11305 | D:12     | Found Qitrit's Assorted Antiques.
 11333 | D:12     | Noticed a two-headed ogre
 11334 | D:12     | Noticed an ogre mage
 11342 | D:12     | Killed an ogre mage
 11342 | D:12     | Noticed a two-headed ogre
 11344 | D:12     | Killed a two-headed ogre
 11347 | D:12     | Killed a two-headed ogre
 11521 | D:12     | Bought an ivory ring for 140 gold pieces
 11521 | D:12     | Bought a silver ring for 140 gold pieces
 11873 | D:13     | Noticed a vault guard
 11873 | D:13     | Noticed a vault guard
 11873 | D:13     | Noticed a vault guard
 11892 | D:12     | Killed a vault guard
 11994 | Lair:1   | Identified the ring "Alotize" {Fire Will+ Str-2 Int+7}
 12053 | Lair:1   | Reached skill level 5 in Dodging
 12112 | Lair:1   | Reached ** piety under Cheibriados
 12350 | Lair:1   | You fall into a shaft and drop 1 floor!
 12354 | Lair:2   | Found a hole to the Spider Nest.
 12355 | Lair:2   | You fall into a shaft and drop 1 floor!
 12507 | Lair:3   | Reached skill level 11 in Unarmed Combat
 12636 | Lair:3   | Noticed a five-headed hydra
 12642 | Lair:3   | Killed a five-headed hydra
 12925 | Lair:3   | Noticed a death yak
 12926 | Lair:3   | Noticed a death yak
 12929 | Lair:3   | Noticed a death yak
 12932 | Lair:3   | Killed a death yak
 12940 | Lair:3   | Killed a death yak
 12949 | Lair:3   | Killed a death yak
 13092 | Lair:3   | Reached *** piety under Cheibriados
 13349 | Lair:4   | Noticed a seven-headed hydra
 13355 | Lair:4   | Killed a seven-headed hydra
 13355 | Lair:4   | Noticed a boulder beetle
 13363 | Lair:4   | Killed a boulder beetle
 13364 | Lair:4   | Reached XP level 13. HP: 111/132 MP: 15/15
 13441 | Lair:4   | Reached skill level 5 in Invocations
 13567 | Lair:4   | Found a frozen archway.
 13594 | IceCv    | Entered an ice cave
 13655 | IceCv    | Reached **** piety under Cheibriados
 13784 | IceCv    | Reached skill level 10 in Fighting
 13894 | IceCv    | Reached ***** piety under Cheibriados
 14297 | IceCv    | Identified the ring "Vilehe" {rC+ Slay+2 SInv}
 14297 | IceCv    | Noticed a reaper
 14324 | IceCv    | Killed a reaper
 15540 | Lair:5   | Found a dark tunnel.
 15545 | Volcano  | Entered a volcano
 15622 | Volcano  | Found a bloodstained altar of Trog.
 15695 | Volcano  | Reached XP level 14. HP: 121/142 MP: 18/18
 16631 | Lair:6   | Entered Level 6 of the Lair of Beasts
 16850 | Lair:2   | Reached skill level 1 in Armour
 17235 | Lair:2   | Noticed Maggie
 17247 | Lair:2   | Killed Maggie
 17527 | Lair:2   | Found a staircase to the Swamp.
 18362 | Lair:6   | Found a viscous altar of Jiyva.
 18362 | Lair:6   | Found a staircase to the Slime Pits.
 18382 | Lair:6   | Reached skill level 12 in Unarmed Combat
 18632 | Lair:6   | Reached ****** piety under Cheibriados
 18639 | Lair:6   | Reached skill level 5 in Translocations
 19650 | Orc:1    | Entered Level 1 of the Orcish Mines
 19901 | Orc:1    | Found Kuheas's General Store.
 19903 | Orc:1    | Found Jyijimne's Specific Store.
 19908 | Orc:1    | Bought a scroll of enchant armour for 90 gold pieces
 19908 | Orc:1    | Bought a wand of digging (3) for 168 gold pieces
 20116 | Orc:2    | Entered Level 2 of the Orcish Mines
 20161 | Orc:2    | Found Pyreh's Assorted Antiques.
 20169 | Orc:2    | Bought a scroll labelled ILIUNGOELIE for 27 gold pieces
 20196 | Orc:2    | Found a flickering gateway to a bazaar.
 20206 | Bazaar   | Entered a bazaar
 20214 | Bazaar   | Found Zugipn's Book Boutique.
 20234 | Bazaar   | Found Emoamior's Jewellery Boutique.
 20234 | Bazaar   | Found Utaitz's Magic Scroll Boutique.
 20263 | Bazaar   | Found Yzi Ruen's Jewellery Shop.
 20303 | Bazaar   | Bought the ring "Ocrulog" {MP+9 Int+4 Slay+5} for 507 gold
                  | pieces
 20320 | Bazaar   | Bought the ring "Bier" {Contam rF+ rC+ Will+} for 507 gold
                  | pieces
 20428 | Orc:2    | Noticed an orc warlord
 20431 | Orc:2    | Found Uqiseji's Book Emporium.
 20445 | Orc:2    | Killed an orc warlord
 20584 | Orc:2    | Found an iron altar of Okawaru.
 20590 | Orc:2    | Found Napt's Antique Weapon Emporium.
 20867 | Orc:2    | Found a staircase to the Elven Halls.
 20966 | Orc:2    | Reached XP level 15. HP: 46/153 MP: 20/20
 21160 | Orc:2    | Found Pujaj's Antique Weapon Shoppe.
 21163 | Orc:2    | Found Egirgh's Armour Shoppe.
 21164 | Orc:2    | Found Jinashruo's Magic Scroll Shoppe.
 21165 | Orc:2    | Found Gorghuic's Distillery.
 21168 | Orc:2    | Bought a scroll of teleportation for 36 gold pieces
 21168 | Orc:2    | Bought a scroll of teleportation for 36 gold pieces
 21168 | Orc:2    | Bought a scroll of immolation for 42 gold pieces
 21168 | Orc:2    | Bought a scroll of magic mapping for 42 gold pieces
 21171 | Orc:2    | Bought a potion of heal wounds for 60 gold pieces
 21171 | Orc:2    | Bought 2 potions of mutation for 192 gold pieces
 21171 | Orc:2    | Bought a potion of heal wounds for 60 gold pieces
 21171 | Orc:2    | Bought a potion of degeneration for 12 gold pieces
 21171 | Orc:2    | Bought a potion of curing for 36 gold pieces
 21171 | Orc:2    | Bought a potion of curing for 36 gold pieces
 21171 | Orc:2    | Bought a potion of curing for 36 gold pieces
 21797 | D:13     | Reached skill level 1 in Shields
 22017 | D:13     | Found a gate to the Vaults.
 22187 | D:13     | Reached skill level 10 in Evocations
 22442 | D:14     | Reached skill level 10 in Invocations
 22555 | D:14     | Noticed Louise
 22561 | D:14     | Killed Louise
 22670 | D:14     | You fall into a shaft and drop 1 floor!
 22670 | D:15     | Entered Level 15 of the Dungeon
 22756 | D:15     | Reached skill level 5 in Shields
 22896 | D:15     | Found a staircase to the Depths.
 23904 | Elf:1    | Entered Level 1 of the Elven Halls
 24071 | Elf:1    | Reached XP level 16. HP: 154/162 MP: 22/22
 25237 | Elf:1    | Paralysed by an air elemental for 1 turns
 25241 | Elf:1    | Paralysed by an air elemental for 1 turns
 25253 | Elf:1    | Found Alau's Gadget Gallery.
 25314 | Elf:1    | Bought a wand of iceblast (8) for 192 gold pieces
 25654 | Elf:2    | Found a runed translucent gate.
 25654 | Elf:2    | Found a runed translucent gate.
 25655 | Elf:2    | Found a runed translucent gate.
 25747 | Elf:2    | Noticed Aizul
 25761 | Elf:2    | Killed Aizul
 26219 | Elf:3    | Entered Level 3 of the Elven Halls
 26812 | Elf:3    | Reached skill level 13 in Unarmed Combat
 26815 | Elf:3    | Killed from afar by a deep elf sorcerer

Illustrated notes

Levels and vault maps discovered:
D:1:      amcnicky_arrival_choice, layout_rooms, ebering_ecumenical_altar_hall
D:2:      layout_loops_ring, st_stairs_1, minmay_3d_cube, uniq_natasha
D:3:      layout_loops_corners, minmay_fractal_squares_5,
          uniq_crazy_yiuf_cottage, uniq_grinder
D:4:      layout_cave_pods, minitemple, minivault_14, item_on_display_a
D:5:      layout_layer_cave, minmay_temple_entry_offerings
D:6:      layout_loops_ring, xom_redecorated, portal_sewer_entry_e, uniq_pikel
D:7:      layout_basic
D:8:      layout_layer_cave, led_sif_book, kiku_gazebo_pond_becter
D:9:      layout_big_octagon, kennysheep_orc_monster_closet_entryway
D:10:     layout_small_grid, minmay_overflow_temple_star_quad, serial_rivers,
          chequers_serial_rivers_room_a, chequers_serial_rivers_micro_c,
          chequers_serial_rivers_micro_c, chequers_serial_rivers_small_b,
          chequers_serial_rivers_micro_e, chequers_serial_rivers_small_3,
          minivault_14, minmay_ruffians
D:11:     layout_irregular_city, lair_entry_dummy, uniq_fannar
D:12:     layout_rooms, serial_shops, nicolae_inconvenience_store,
          serial_co_window_serial, co_window_corner_a, co_window_paths_a,
          co_window_paths_a, co_window_of_opportunity_a, co_window_corner_a,
          co_window_of_opportunity_a, co_window_paths_b, co_window_paths_b,
          co_window_of_opportunity_a, co_window_paths_c,
          co_window_unsneaky_path_b, co_window_broadway_c, co_window_paths_e,
          glass_columns_b, glass_columns_b
D:13:     layout_loops_ring, erik_vaults_2
D:14:     layout_rooms, abandoned_shop, uniq_louise
D:15:     hangedman_depths_entry_civil_slaughter, layout_cave_pools,
          serial_bayou_shore_a, lightli_corner_chamber
Temple:   dshaligram_water_room_temple
Lair:1:   layout_loops_ring, uniq_prince_ribbit2
Lair:2:   layout_cave_pods, skrybe_swamp_entry_bodies,
          nicolae_spider_entry_tight_spaces, uniq_maggie
Lair:3:   layout_gridlike, nicolae_lair_grove_arrangements,
          lemuel_another_geyser
Lair:4:   layout_small_grid, portal_ice_cave_demonic_guard, grunt_megastairs_4
Lair:5:   layout_small_grid, enter_volcano_4, lemuel_fruit_tree,
          serial_bayou_shore_b
Lair:6:   due_jungle_book, layout_gridlike, slime_altar_1, minivault_24,
          chequers_serial_rivers_micro_d, st_stairs_5
Orc:1:    layout_caves, nicolae_specific_store
Orc:2:    st_orc_pillars, layout_diamond_mine, serial_shops, bzr_entry_lakeside,
          nicolae_shop_statue_plus, nicolae_shop_statue_plus, shop,
          okawaru_metal_pillars_1_2
Elf:1:    eino_elf_arrival_the_gate, layout_geoelf_octagon,
          serial_co_window_serial, co_window_cross_1, co_window_cross_1,
          co_window_paths_b, co_window_paths_a, co_window_corner_a,
          co_window_corner_b, co_window_of_opportunity_b, co_window_2corner,
          co_window_of_opportunity_b, co_window_of_opportunity_c,
          co_window_paths_e, glass_columns_a, nicolae_shop_gadgets
Elf:2:    elven_hall_of_blades_hangedman_original
          [nicolae_blade_entry_crossed_weapons], layout_geoelf_grid, uniq_aizul
Elf:3:    minmay_elf_hall_four_x, layout_loops_ring

Skill      XL: |  1  2  3  4  5  6  7  8  9 10 11 12 13 14 15 16 |
---------------+-------------------------------------------------+-----
Throwing       | 1 2 3 4 5 6 7 |  7.6
Fighting       | 2 3 4 6 7 8 9 10 11 | 11.7
Unarmed Combat | 3 4 5 7 8 10 11 12 13 | 13.0
Translocations | 3 4 6 7 |  7.0
Dodging        | 2 3 4 6 7 |  7.1
Evocations     | 3 4 5 7 8 9 10 | 10.0
Invocations    | 1 4 7 9 10 | 10.9
Armour         | 3 |  3.0
Shields        | 7 9 |  9.1
Spellcasting   | |  1.2

Action                   |  1- 3 |  4- 6 |  7- 9 | 10-12 | 13-15 | 16-18 || total
-------------------------+-------+-------+-------+-------+-------+-------++-------
Melee: Unarmed           |    65 |   135 |   314 |   595 |  1011 |   265 ||  2385
       Punch             |     1 |     1 |     3 |    21 |   103 |     2 ||   131
Throw: Boomerang         |       |       |    22 |    48 |       |       ||    70
       Large rock        |       |       |       |    28 |    92 |    13 ||   133
 Cast: Blink             |       |       |     3 |    15 |    21 |     1 ||    40
Invok: Slouch            |       |       |       |       |    14 |     2 ||    16
       Step From Time    |       |       |       |       |     1 |       ||     1
Evoke: Wand              |       |       |     3 |    10 |     9 |     4 ||    26
       Tin of tremorston |       |       |       |     2 |     6 |     2 ||    10
  Use: Scroll            |     4 |     3 |    12 |     7 |    19 |     2 ||    47
       Potion            |       |     1 |       |     2 |     5 |       ||     8
 Stab: Sleeping          |       |       |       |       |     1 |       ||     1
Armor: Robe              |    14 |    30 |   102 |    55 |     8 |       ||   209
       Skin              |       |     7 |     7 |       |       |       ||    14
       Troll leather arm |       |       |       |   175 |   223 |    49 ||   447
       Ice dragon scales |       |       |       |       |   166 |       ||   166
Dodge: Dodged            |    28 |    64 |   147 |   348 |   755 |   119 ||  1461
Block: Kite shield       |       |       |       |       |       |   132 ||   132

Table legend: (Time is in decaauts)
 A = Elapsed time spent in this place.
 B = Non-inter-level travel time spent in this place.
 C = Inter-level travel time spent in this place.
 D = Time resting spent in this place.
 E = Time spent auto-exploring this place.
 F = Levels seen in this place.
 G = Mean time per level.
                   A        B        C        D        E       F      G
               +--------+--------+--------+--------+--------+-----+--------+
         Total |  36567 |  33010 |   3557 |    227 |  25380 |  30 | 1218.9 |
       Dungeon |  16606 |  14745 |   1861 |     82 |  11315 |  15 | 1107.1 |
        Temple |     80 |     47 |     33 |      0 |     40 |   1 |   80.0 |
          Lair |  10546 |   9506 |   1040 |    107 |   7772 |   6 | 1757.7 |
  Orcish Mines |   2790 |   2606 |    184 |      0 |   1882 |   2 | 1395.0 |
   Elven Halls |   4534 |   4095 |    439 |      0 |   3369 |   3 | 1511.3 |
        Bazaar |    342 |    342 |      0 |      0 |    189 |   1 |  342.0 |
      Ice Cave |   1319 |   1319 |      0 |     38 |    697 |   1 | 1319.0 |
       Volcano |    347 |    347 |      0 |      0 |    113 |   1 |  347.0 |
               +--------+--------+--------+--------+--------+-----+--------+

Top non-repeatable levels by time:
   Elf:1: 2421 daAuts
  Lair:6: 2179 daAuts
   Orc:2: 1936 daAuts
  Lair:3: 1905 daAuts
  Lair:4: 1830 daAuts
    D:12: 1740 daAuts
  Lair:2: 1635 daAuts
  Lair:5: 1579 daAuts
    D:13: 1566 daAuts
     D:8: 1526 daAuts
  Lair:1: 1416 daAuts
   IceCv: 1319 daAuts
     D:9: 1262 daAuts
    D:15: 1198 daAuts
     D:3: 1154 daAuts
